 Dungeon Crawl Stone Soup version 0.25-a0-589-g1e14c549ee (webtiles) character file.

Game seed: 3655030217678393790, levelgen mode: deterministic

48 Devinter the Charmwright (level 3, -8/30 HPs)
             Began as a Draconian Skald on Mar 10, 2020.
             Was an Initiate of Gozag.
             Mangled by Crazy Yiuf
             ... wielding a +3 quarterstaff of chaos
              (16 damage)
             ... on level 2 of the Dungeon.
             The game lasted 00:05:41 (1381 turns).

Devinter the Charmwright (Draconian Skald)          Turns: 1381, Time: 00:05:41

Health: -8/30      AC:  5    Str: 13    XL:     3   Next: 50%
Magic:  6/6        EV: 12    Int: 14    God:    Gozag
Gold:   107        SH:  0    Dex: 10    Spells: 0/6 levels left

rFire    . . .     SeeInvis .   a - +0 hand axe
rCold    . . .     Gourm    .   (no shield)
rNeg     . . .     Faith    .   (armour unavailable)
rPois    .         Spirit   .   (helmet restricted)
rElec    .         Reflect  .   (no cloak)
rCorr    .         Harm     .   (no gloves)
MR       .....                  (no boots)
Stlth    +.........             (no amulet)
HPRegen  0.10/turn              (no ring)
MPRegen  0.10/turn              (no ring)

@: lethally poisoned (-8 -> -14)
A: unfitting armour, cold-blooded, AC +5
a: Potion Petition, Call Merchant, Bribe Branch, Renounce Religion


You were on level 2 of the Dungeon.
You worshipped Gozag.
Gozag was aware of your devotion.
You were near starving.

You visited 1 branch of the dungeon, and saw 2 of its levels.

You collected 122 gold pieces.
You paid 15 gold pieces to Gozag.

Inventory:

Hand Weapons
 a - a +0 hand axe (weapon)
Missiles
 e - 19 poisoned darts (quivered)
 h - 21 arrows
Scrolls
 b - a scroll of fog {unknown}
 d - 2 scrolls of teleportation {unknown}
 f - 4 scrolls of identify {unknown}
 g - a scroll of enchant armour {unknown}
 i - a scroll of remove curse {unknown}
Comestibles
 c - 4 rations


   Skills:
 + Level 2.6 Fighting
 * Level 2.8 Axes
 + Level 2.5 Dodging
 * Level 2.2 Spellcasting
 - Level 3.0 Charms
 + Level 0.0 Translocations
 + Level 0.0 Ice Magic


You couldn't memorise any spells.
You knew the following spells:

 Your Spells              Type           Power        Failure   Level  Hunger
a - Infusion              Chrm           #...         7%          1    #......
b - Shroud of Golubria    Chrm/Tloc      #.....       19%         2    ###....
c - Ozocubu's Armour      Chrm/Ice       #.......     36%         3    ###....

Your spell library contained the following spells:

 Spells                   Type           Power        Failure   Level  Hunger
 Song of Slaying          Chrm           #.......     11%         2    ###....
 Spectral Weapon          Hex/Chrm       #.......     36%         3    ###....


Dungeon Overview and Level Annotations

Branches:
Dungeon (2/15)

Altars:
Gozag

Annotations:
D:2 Crazy Yiuf


Innate Abilities, Weirdness & Mutations

Your plain brown scales are hard. (AC +5)
You cannot fit into any form of body armour.
You are cold-blooded and may be slowed by cold attacks.


Message History

Crazy Yiuf is severely wounded.
Crazy Yiuf misses you.
You hit Crazy Yiuf.
Crazy Yiuf is severely wounded.
Crazy Yiuf hits you with a +3 quarterstaff of chaos.
* * * LOW HITPOINT WARNING * * *
You hit Crazy Yiuf but do no damage.
You tail-slap Crazy Yiuf, but do no damage.
Crazy Yiuf is severely wounded.
Crazy Yiuf hits you but does no damage.
You are poisoned.
You hit Crazy Yiuf but do no damage.
Crazy Yiuf is severely wounded.
You feel sick.
Crazy Yiuf hits you with a +3 quarterstaff of chaos.
* * * LOW HITPOINT WARNING * * *
You are electrocuted!
Ouch! That really hurt!
You die...
Your body crumbles into a pile of gold.

###
#####
....#
###.#
#####
#)..#
########
## #
#...#
#......#
.##.#
...
#.####.#
..#.##
#g# #.#
#.#
.....+
#@##
#.## #.#
....##
##.#
#..###.#
.####
#.##
#......#
.# ##.#
##.#####
.# ##.##
#)# ##
#+#
##...#
#.# #
###.#
#....#
#.# #
#...#
#....#
#.# ####
#.#.##
#....#
#.#


You could see Crazy Yiuf.

Vanquished Creatures
  2 adders (D:2)
  A worm (D:2)
  A giant cockroach (D:1)
  4 goblins
  2 hobgoblins
  4 jackals (D:1)
  3 kobolds
  A quokka (D:2)
  A ball python (D:2)
  4 bats
  2 frilled lizards
  3 rats
28 creatures vanquished.

Notes
Turn   | Place    | Note
-------+----------+-------------------------------------------
     0 | D:1      | Devinter the Draconian Skald began the quest for the Orb.
     0 | D:1      | Reached XP level 1. HP: 17/17 MP: 3/3
   126 | D:1      | Reached XP level 2. HP: 16/25 MP: 5/5
   538 | D:2      | Found an opulent altar of Gozag.
   557 | D:2      | Became a worshipper of Gozag Ym Sagoz the Greedy
   608 | D:2      | Reached XP level 3. HP: 7/30 MP: 6/6
   618 | D:2      | HP: 3/30 [poisoned by an adder]
   626 | D:2      | HP: 2/30 [poisoned by an adder]
  1167 | D:2      | Reached skill level 3 in Charms
  1281 | D:2      | Learned a level 2 spell: Shroud of Golubria
  1285 | D:2      | Learned a level 3 spell: Ozocubu's Armour
  1370 | D:2      | Found a runed translucent door.
  1371 | D:2      | Noticed Crazy Yiuf
  1381 | D:2      | Mangled by Crazy Yiuf

Levels and vault maps discovered:
D:1:      lemuel_arrival_river_passageway, layout_rooms
D:2:      layout_loops_corners, nicolae_gozag_cash_rules_everything_around_me,
          first_ration, mrwooster_statue_mirror, minmay_indecisive_spiral,
          uniq_crazy_yiuf_cottage

Skill      XL: |  1  2  3 |
---------------+----------+-----
Charms         | 3 |  3.0
Fighting       | |  2.6
Axes           | |  2.8
Dodging        | |  2.5
Spellcasting   | |  2.2

Action                   || total
-------------------------++-------
Melee: Hand axe          ||    99
       Tailslap          ||     6
Throw: Dart              ||    14
 Stab: Sleeping          ||     1
Armor: Skin              ||    26
Dodge: Dodged            ||    76

Table legend:
 A = Non-vault XP
 B = Vault XP
 C = Vault XP percentage of total XP
 D = Non-vault monster count
 E = Vault monster count
 F = Vault count percentage of total count
                 A         B        C        D         E       F
            +---------+---------+-------+---------+---------+-------
      Total |      69 |       0 |   0.0 |      28 |       0 |   0.0
            +---------+---------+-------+---------+---------+-------
        D:1 |      23 |       0 |   0.0 |      15 |       0 |   0.0
        D:2 |      46 |       0 |   0.0 |      13 |       0 |   0.0
            +---------+---------+-------+---------+---------+-------
